 Dungeon Crawl Stone Soup version 0.30.0-2-g1aa4bd4387 (webtiles) character file.

Game seed: 7813803972910842267

19428 Jarnaxa the Carver (level 12, -4/95 HPs)
             Began as a Demonspawn Fighter on May 7, 2023.
             Was the Champion of Okawaru.
             Slain by Rupert
             ... wielding a +2 great sword of holy wrath
              (20 damage)
             ... on level 12 of the Dungeon.
             The game lasted 00:29:49 (9593 turns).

Jarnaxa the Carver (Demonspawn Fighter)             Turns: 9593, Time: 00:29:49

Health: -4/95      AC: 25    Str: 18    XL:     12   Next: 36%
Magic:  12/12      EV:  7    Int:  9    God:    Okawaru [******]
Gold:   1339       SH: 11    Dex: 21    Spells: 11/11 levels left

rFire   . . .        a - +4 long sword (chaos)
rCold   . . .        c - +0 buckler
rNeg    . . .        y - +2 plate armour {rPois}
rPois   +            D - +5 hat of Antique Satisfaction {rPois rCorr}
rElec   .            g - +0 cloak
rCorr   +            (no gloves)
SInv    +            (no boots)
Will    .....        l - amulet of regeneration Stlth
                     s - ring of see invisible
HPRegen 1.15/turn    (no ring)
MPRegen 0.13/turn

%: no passive effects
@: on berserk cooldown, slowed, very slow
A: horns 1, molten scales 2, foul stench 1, condensation shield, claws 1, agile
2
a: Renounce Religion, Heroism, Finesse, Duel


You were on level 12 of the Dungeon.
You worshipped Okawaru.
Okawaru was exalted by your worship.
You visited 2 branches of the dungeon, and saw 13 of its levels.
You also visited: Sewer and Bailey.

You collected 1339 gold pieces.

Inventory:

Hand Weapons
 a - a +4 long sword of chaos (weapon)
 z - a +2 hand crossbow of freezing
Missiles
 H - 2 throwing nets (quivered)
Armour
 c - a +0 buckler (worn)
 g - a +0 cloak (worn)
 y - a +2 plate armour of poison resistance (worn)
 D - the +5 hat of Antique Satisfaction (worn) {rPois rCorr}
   (You acquired it on level 9 of the Dungeon)

   rPois:     It protects you from poison.
   rCorr:     It protects you from acid and corrosion.
Jewellery
 l - an amulet of regeneration (around neck)
 s - a ring of see invisible (left claw)
 t - a ring of resist corrosion
Wands
 q - a wand of flame (18)
 B - a wand of iceblast (5)
 C - a wand of polymorph (5)
 F - a wand of mindburst (4)
Scrolls
 d - a scroll of poison
 e - 5 scrolls of teleportation
 p - 2 scrolls of identify
 r - a scroll of fear
 u - 2 scrolls of blinking
 v - a scroll of magic mapping
Potions
 b - 5 potions of flight
 f - a potion of curing
 h - 4 potions of lignification
 i - a potion of haste
 j - 2 potions of brilliance
 m - 6 potions of heal wounds
 n - 2 potions of resistance
 o - 4 potions of mutation
 w - 4 potions of attraction
 A - a potion of invisibility
 E - a potion of cancellation
 G - a potion of degeneration
Miscellaneous
 I - a condenser vane


   Skills:
 + Level 9.0 Fighting
 + Level 12.2 Long Blades
 + Level 8.8 Armour
 + Level 2.7 Dodging
 + Level 0.4 Stealth
 + Level 9.3 Shields
 + Level 1.1 Invocations


You had 11 spell levels left.
You didn't know any spells.
Your spell library contained the following spells:

 Spells                   Type           Power      Damage    Failure   Level
 Beastly Appendage        Tmut           0%         N/A       100%        1
 Magic Dart               Conj           0%         1d3       100%        1
 Searing Ray              Conj           0%         2d4       100%        2
 Wereblood                Tmut           0%         N/A       100%        2
 Spider Form              Tmut/Pois      0%         N/A       100%        3
 Fulminant Prism          Conj/Hex       0%         3d5       100%        4


Dungeon Overview and Level Annotations

Branches:
Dungeon (12/15)            Temple (1/1) D:4            Lair (0/5) D:9
  Sewer (visited)          Bailey (visited)
    Orc: D:9-12

Altars:
Ashenzari
Cheibriados
Dithmenos
Fedhas
Gozag
Hepliaklqana
Kikubaaqudgha
Makhleb
Nemelex Xobeh
Okawaru
Qazlal
Ru
Sif Muna
Trog
Uskayaw
Vehumet
Wu Jian
Xom
Yredelemnul
Lugonu

Annotations:
D:11 3 runed translucent doors, SharpKris's ghost, journeyman GnFi
D:12 Rupert


Innate Abilities, Weirdness & Mutations

You have a pair of small horns on your head.
You are mostly covered in molten scales. (AC +3)
You may rarely emit foul miasma when damaged in melee.
A meltable shield of frost defends you. (SH +4)
You have sharp fingernails.
You are very agile. (Dex +8, Str/Int -2)


Message History

Rupert closely misses you.
You are no longer berserk.
You are exhausted.
You feel yourself slow down.
Rupert roars madly and goes into a rage!
Rupert goes berserk!
Rupert hits you with a +2 great sword of holy wrath!!
You convulse!
You barely miss Rupert.
Rupert is severely wounded.
You feel less confused.
Rupert hits you with a +2 great sword of holy wrath!!
* * * LOW HITPOINT WARNING * * *
You convulse.
* * * LOW HITPOINT WARNING * * *
Rupert hits you with a +2 great sword of holy wrath.
* * * LOW HITPOINT WARNING * * *
You convulse.
* * * LOW HITPOINT WARNING * * *
You feel much better.
Rupert hits you with a +2 great sword of holy wrath!
* * * LOW HITPOINT WARNING * * *
You convulse!
* * * LOW HITPOINT WARNING * * *
Rupert hits you but does no damage.
You hit Rupert.
Rupert suddenly seems more agile.
You headbutt Rupert.
Rupert is severely wounded.
Rupert barely misses you. x2
You miss Rupert. You headbutt Rupert.
Rupert is severely wounded.
Rupert barely misses you. You block Rupert's attack.
You hit Rupert but do no damage.
Rupert is severely wounded.
Rupert hits you with a +2 great sword of holy wrath!!
* * * LOW HITPOINT WARNING * * *
You convulse.
* * * LOW HITPOINT WARNING * * *
You feel better.
Rupert hits you with a +2 great sword of holy wrath!!
You die...

.... .... .. #... ...
#.##...###..
#..........####+#
#................
.................$ ....
#...............## .....
+................# .....
#......@@.####...###....
###......#####........##
#...........^........#
#........)...........#
..........!............#
.......................#
#.......................#.
#>......................#.
.........................


You could see Rupert (berserk, agile, drained).

Vanquished Creatures
  Harold (D:10)
  Josephine (D:11)
  7 two-headed ogres
  Lodul (D:10)
  An orc knight (Bailey)
  A deep elf pyromancer (D:12)
  An elephant (D:9)
  2 cyclopes (D:11)
  Joseph (D:8)
  An unseen horror (D:12)
  A kobold demonologist (D:10)
  3 slime creatures
  3 shadows (D:10)
  3 wyverns
  11 wraiths
  14 yaks
  A basilisk (D:12)
  The ghost of hitsuchi the Chopper, an amateur MiFi (D:4)
  2 swamp worms (D:8)
  3 acid dragons
  3 water moccasins
  An ice beast (D:6)
  5 orc warriors
  5 black bears
  9 ogres
  2 centaurs
  9 kobold brigands
  2 bullfrogs
  5 scorpions
  5 wights (D:7)
  7 killer bees
  2 howler monkeys (D:10)
  A jelly (D:6)
  2 orc priests
  3 hounds (D:6)
  A sleepcap (D:7)
  5 iguanas
  7 orc wizards
  A sickly merfolk siren (Sewer)
  A malarious merfolk avatar (Sewer)
  7 gnolls (D:3)
  15 adders
  A river rat (D:3)
  3 white imps
  2 ufetubi
  4 worms
  A dart slug (D:3)
  15 orcs
  9 ball pythons
  8 bats
  11 endoplasms
  5 giant cockroaches
  11 goblins
  2 hobgoblins (D:2)
  11 jackals
  7 quokkas
  7 frilled lizards
  23 kobolds
  24 rats
301 creatures vanquished.

Vanquished Creatures (others)
  A wizard (D:4)
  2 plants (D:8)
3 creatures vanquished.

Grand Total: 304 creatures vanquished

Notes
Turn   | Place    | Note
-------+----------+-------------------------------------------
     0 | D:1      | Jarnaxa the Demonspawn Fighter began the quest for the Orb.
     0 | D:1      | Reached XP level 1. HP: 18/18 MP: 1/1
   354 | D:1      | Gained mutation: You are partially covered in molten
                  | scales. (AC +2) [demonic ancestry]
   354 | D:1      | Reached XP level 2. HP: 24/24 MP: 2/2
   497 | D:1      | Reached skill level 2 in Long Blades
  1115 | D:2      | Gained mutation: You may rarely emit foul miasma when
                  | damaged in melee. [demonic ancestry]
  1115 | D:2      | Reached XP level 3. HP: 22/29 MP: 3/3
  2012 | D:2      | You fall into a shaft and drop 2 floors!
  2025 | D:4      | Noticed a black bear
  2026 | D:4      | Noticed a scorpion
  2040 | D:4      | Killed a black bear
  2041 | D:4      | Reached skill level 3 in Long Blades
  2041 | D:4      | Reached XP level 4. HP: 34/36 MP: 4/4
  2041 | D:4      | Reached XP level 5. HP: 39/41 MP: 5/5
  2054 | D:4      | Reached skill level 4 in Long Blades
  2054 | D:4      | Reached skill level 1 in Dodging
  2125 | D:4      | Reached XP level 6. HP: 18/48 MP: 6/6
  2217 | D:4      | Found a runed translucent door.
  2218 | D:4      | Noticed hitsuchi's ghost (amateur MiFi)
  2260 | D:4      | Found a staircase to the Ecumenical Temple.
  2270 | Temple   | Entered the Ecumenical Temple
  2330 | Temple   | Became a worshipper of Warmaster Okawaru
  2542 | D:3      | Reached skill level 5 in Long Blades
  2557 | D:3      | Gained mutation: A meltable shield of frost defends you.
                  | (SH +4) [demonic ancestry]
  2557 | D:3      | Reached XP level 7. HP: 26/54 MP: 7/7
  2631 | D:3      | Found a glowing drain.
  2650 | Sewer    | Entered a sewer
  3739 | D:4      | Found a bloodstained altar of Trog.
  3809 | D:4      | Noticed a wizard
  3812 | D:4      | Killed a wizard
  4063 | D:4      | Killed hitsuchi's ghost
  4063 | D:4      | Reached * piety under Okawaru
  4064 | D:4      | Reached skill level 6 in Long Blades
  4090 | D:5      | Entered Level 5 of the Dungeon
  4157 | D:5      | Reached XP level 8. HP: 33/61 MP: 8/8
  4434 | D:5      | Reached ** piety under Okawaru
  4567 | D:5      | Found a sacrificial altar of Ru.
  4733 | D:6      | Reached skill level 5 in Armour
  4801 | D:6      | Reached skill level 7 in Long Blades
  4809 | D:6      | Reached skill level 5 in Fighting
  5328 | D:6      | Reached skill level 5 in Shields
  5337 | D:6      | Found a stormy altar of Qazlal.
  5532 | D:6      | Reached XP level 9. HP: 68/68 MP: 9/9
  5649 | D:6      | Gained mutation: Your magical capacity is low. (-10% MP)
                  | [potion of mutation]
  5649 | D:6      | Gained mutation: You have hidden genetic potential. [potion
                  | of mutation]
  5649 | D:6      | Gained mutation: You have sharp fingernails. [potion of
                  | mutation]
  5950 | D:7      | Reached *** piety under Okawaru
  6012 | D:7      | Found a snail-covered altar of Cheibriados.
  6012 | D:7      | Found a shimmering altar of Xom.
  6012 | D:7      | Found a basalt altar of Yredelemnul.
  6027 | D:7      | Found a burning altar of Makhleb.
  6324 | D:7      | Reached skill level 8 in Long Blades
  6517 | D:7      | Lost mutation: You have sharp fingernails. [potion of
                  | mutation]
  6517 | D:7      | Lost mutation: Your magical capacity is low. (-10% MP)
                  | [potion of mutation]
  6517 | D:7      | Gained mutation: You are agile. (Dex +4, Str/Int -1)
                  | [potion of mutation]
  6612 | D:8      | Found a flagged portal.
  6631 | Bailey   | Entered a bailey
  6673 | Bailey   | Reached **** piety under Okawaru
  6713 | Bailey   | Noticed an orc knight
  6725 | Bailey   | Killed an orc knight
  6726 | Bailey   | Gained mutation: You are mostly covered in molten scales.
                  | (AC +3) [demonic ancestry]
  6726 | Bailey   | Reached XP level 10. HP: 64/77 MP: 7/10
  6755 | Bailey   | Gained mutation: You have sharp fingernails. [hidden
                  | potential]
  6757 | Bailey   | Reached skill level 9 in Long Blades
  6770 | Bailey   | Found a burning altar of Makhleb.
  6906 | D:8      | Noticed Joseph
  6936 | D:8      | Killed Joseph
  7029 | D:8      | Noticed a two-headed ogre
  7040 | D:8      | Killed a two-headed ogre
  7040 | D:8      | Reached ***** piety under Okawaru
  7382 | D:9      | Found a staircase to the Lair.
  7382 | D:9      | Noticed an elephant
  7424 | D:9      | Killed an elephant
  7425 | D:9      | Reached skill level 10 in Long Blades
  7426 | D:9      | Noticed a two-headed ogre
  7456 | D:9      | Killed a two-headed ogre
  7456 | D:9      | Received a gift from Okawaru
  7462 | D:9      | Noticed a two-headed ogre
  7488 | D:9      | Killed a two-headed ogre
  7489 | D:9      | Gained mutation: You have a pair of small horns on your
                  | head. [demonic ancestry]
  7489 | D:9      | Reached XP level 11. HP: 40/84 MP: 11/11
  7501 | D:9      | Gained mutation: You are very agile. (Dex +8, Str/Int -2)
                  | [hidden potential]
  7501 | D:9      | Lost mutation: You have hidden genetic potential. [hidden
                  | potential expressed]
  7675 | D:9      | Found a shimmering blue altar of Sif Muna.
  7675 | D:9      | Found an ancient bone altar of Kikubaaqudgha.
  7678 | D:9      | Found a radiant altar of Vehumet.
  7894 | D:9      | Noticed a two-headed ogre
  7906 | D:9      | Killed a two-headed ogre
  8098 | D:9      | Identified a scroll of acquirement
  8098 | D:9      | Acquired the +5 hat of Antique Satisfaction {rPois rCorr}
  8124 | D:10     | Entered Level 10 of the Dungeon
  8225 | D:10     | Found a hide-covered altar of Uskayaw.
  8274 | D:10     | Received a gift from Okawaru
  8371 | D:10     | Reached skill level 11 in Long Blades
  8374 | D:10     | Reached ****** piety under Okawaru
  8404 | D:10     | Noticed Lodul
  8628 | D:10     | Noticed a two-headed ogre
  8639 | D:10     | Killed a two-headed ogre
  8713 | D:10     | Killed Lodul
  8802 | D:10     | Noticed a two-headed ogre
  8814 | D:10     | Killed a two-headed ogre
  8830 | D:10     | Noticed Harold
  8853 | D:10     | Killed Harold
  8854 | D:10     | Reached skill level 1 in Invocations
  8881 | D:10     | Noticed a two-headed ogre
  8888 | D:10     | Killed a two-headed ogre
  8888 | D:10     | Received a gift from Okawaru
  8889 | D:10     | Reached XP level 12. HP: 83/93 MP: 12/12
  9237 | D:11     | Found a runed translucent gate.
  9237 | D:11     | Found a runed translucent gate.
  9239 | D:11     | Found a runed translucent gate.
  9242 | D:11     | Noticed SharpKris's ghost (journeyman GnFi)
  9257 | D:11     | Noticed Josephine
  9276 | D:11     | Killed Josephine
  9277 | D:11     | Reached skill level 12 in Long Blades
  9467 | D:11     | Noticed a five-headed hydra
  9573 | D:12     | Noticed Rupert
  9592 | D:12     | HP: 4/95 [Rupert/+2 great sword of holy wrath (1)]
  9593 | D:12     | Slain by Rupert

Illustrated notes

Levels and vault maps discovered:
D:1:      kennysheep_arrival_seaside, layout_basic
D:2:      layout_loops_corners
D:3:      layout_basic, gup_sewer_entry_spiral
D:4:      layout_loops_cross, trog_wizard, minmay_temple_entry_grid,
          hellmonk_ghost_happy_afterlife, nrook_loot_triangle
D:5:      layout_rooms, nicolae_ru_the_path_less_chosen, amethyst_killhole
D:6:      layout_loops_corners, lemuel_tele_altar, grunt_tough_drop
D:7:      layout_loops_cross, minmay_overflow_temple_hex
D:8:      layout_rooms, enter_bailey_3, worms_lemuel, uniq_joseph
D:9:      layout_roguey, grunt_temple_overflow_magic_moments, david_lair_generic
D:10:     layout_small_grid, nicolae_uskayaw_murder_on_the_dancefloor,
          minmay_alternating_orb, uniq_lodul, uniq_harold
D:11:     layout_loops_ring, serial_shops, shop, gammafunk_ghost_spectres,
          minmay_radiant, uniq_josephine
D:12:     layout_basic, david_orc_2, minivault_24, uniq_nergalle, uniq_rupert
Temple:   corrupted_temple

Skill      XL: |  1  2  3  4  5  6  7  8  9 10 11 12 |
---------------+-------------------------------------+-----
Long Blades    | 2 3 4 5 6 7 8 10 11 12 | 12.2
Armour         | 3 4 5 6 7 8 |  8.8
Shields        | 3 4 5 6 7 8 9 |  9.3
Dodging        | 1 2 |  2.7
Fighting       | 4 5 6 7 8 9 |  9.0
Invocations    | 1 |  1.1
Stealth        | |  0.4

Action                     |  1- 3 |  4- 6 |  7- 9 | 10-12 || total
---------------------------+-------+-------+-------+-------++-------
  Melee: Long sword        |   113 |   115 |   610 |   625 ||  1463
         Headbutt          |       |       |       |   121 ||   121
 Invoke: Heroism           |       |       |     1 |     4 ||     5
    Use: Scroll            |     9 |       |    16 |    11 ||    36
         Potion            |       |     2 |     5 |     5 ||    12
   Stab: Paralysed         |       |       |       |     2 ||     2
 Armour: Scale mail        |    54 |       |       |       ||    54
         Plate armour      |    10 |   122 |   433 |   326 ||   891
  Dodge: Dodged            |    53 |    33 |   182 |   142 ||   410
  Block: Buckler           |    17 |    40 |   327 |   297 ||   681
